 Dungeon Crawl Stone Soup version 0.23-a0-4-g8f018a2 (webtiles) character file.

60 Goblin1989 the Changer (level 3, 0/26 HPs)
             Began as a Demonspawn Transmuter on Aug 1, 2018.
             Succumbed to a kobold's poison
             ... on level 2 of the Dungeon.
             The game lasted 00:04:43 (2847 turns).

Goblin1989 the Changer (Demonspawn Transmuter)      Turns: 2847, Time: 00:04:44

Health: 0/26       AC:  2    Str: 10    XL:     3   Next: 82%
Magic:  5/6        EV: 12    Int: 15    God:
Gold:   70         SH:  0    Dex: 15    Spells: 0/6 levels left

rFire    + . .     SeeInvis .     - Unarmed
rCold    . . .     Gourm    .   (no shield)
rNeg     . . .     Faith    .   b - +0 robe
rPois    .         Spirit   .   (no helmet)
rElec    .         Reflect  .   (no cloak)
rCorr    .         Harm     .   (no gloves)
MR       .....                  (no boots)
Stlth    ++........             (no amulet)
HPRegen  0.08/turn              (no ring)
MPRegen  0.10/turn              (no ring)

@: lethally poisoned (0 -> -3)
A: thin skeletal structure 1, fire resistance 1
a: no special abilities


You were on level 2 of the Dungeon.
You were not hungry.

You visited 1 branch of the dungeon, and saw 2 of its levels.

You collected 70 gold pieces.

Inventory:

Missiles
 a - 12 arrows
 f - 33 sling bullets
 i - 66 stones (quivered) {@Q3}
Armour
 b - a +0 robe (worn)
Jewellery
 q - a +1 ring of evasion {unknown}
Wands
 t - a wand of scattershot (3) {@v5}
Scrolls
 k - a scroll of enchant armour {unknown}
 n - a scroll of teleportation {unknown}
 o - a scroll of remove curse {unknown}
 u - a scroll of magic mapping {unknown}
Potions
 g - a potion of curing {unknown}
 j - a potion of mutation {unknown}
 m - 2 potions of cancellation {unknown}
 s - a potion of heal wounds {unknown}
Comestibles
 e - 2 rations
 r - a chunk of flesh


   Skills:
 - Level 1.0 Fighting
 - Level 1.7 Dodging
 - Level 2.6 Unarmed Combat
 - Level 2.0 Spellcasting
 + Level 3.8 Transmutations


You couldn't memorise any spells.
You knew the following spells:

 Your Spells              Type           Power        Failure   Level  Hunger
a - Beastly Appendage     Tmut           ##....       4%          1    #......
c - Sticks to Snakes      Tmut           ##......     7%          2    ###....
Y - Spider Form           Tmut/Pois      #.........   30%         3    ###....

Your spell library contained the following spells:

 Spells                   Type           Power        Failure   Level  Hunger
 Blade Hands              Tmut           ##........   77%         5    ######.
 Ice Form                 Ice/Tmut       #.......     69%         4    #####..


Dungeon Overview and Level Annotations

Branches:
Dungeon (2/15)

Altars:


Innate Abilities, Weirdness & Mutations

You have a somewhat thin skeletal structure. (Dex +2, Stealth)
Your flesh is heat resistant. (rF+)


Message History

The leopard gecko closely misses you.
You hit the leopard gecko.
You kill the leopard gecko!
You see here a leopard gecko corpse.
Your magical contamination has completely faded away.
Key pressed, stopping explore.
You are feeling hungry.
You regained 6 hp, and now have 21/26 hp.
MP restored: 6 You butcher the leopard gecko corpse.
r - 2 chunks of flesh You see here a leopard gecko skeleton. x2
Eating one of 2 chunks of flesh.
You eat one of the 2 chunks of flesh.
This raw flesh tastes terrible.
s - a metallic puce potion
t - a wand of scattershot (3) {@v5} Health restored: 26
There is a fountain of clear blue water here.
u - a scroll labeled MIBOKH GYOTAKK
There is a fountain of clear blue water here.
A kobold comes into view. It is wielding a dagger of venom.
A worm comes into view.
The kobold shouts!
The kobold throws a stone.
The stone hits you but does no damage.
The kobold throws a stone.
The stone closely misses you.
A goblin comes into view. It is wielding a dagger.
Casting: Spider Form (safe; 30% risk of failure)
Confirm with . or Enter, or press ? or * to list all spells.
You turn into a venomous arachnid creature.
Your +0 robe melds into your body.
The goblin shouts!
The kobold throws a stone.
The stone misses you.
You now have 3/6 mp.
The kobold misses you.
You hit the worm.
The worm is poisoned.
The worm is lightly wounded.
The kobold misses you.
You hit the worm.
The worm looks as sick as possible!
The worm is moderately wounded.
The worm misses you. The kobold hits you but does no damage.
You are poisoned.
An adder comes into view.
The adder hisses angrily.
You hit the worm but do no damage.
The worm is moderately wounded.
Your transformation is almost over.
You feel sick. The kobold misses you.
You take 2 damage, and have 24/26 hp.
Unknown command.
You hit the worm but do no damage.
The worm looks as sick as possible!
The worm is heavily wounded.
You feel sick. The worm completely misses you. The kobold misses you.
The goblin misses you.
You take 1 damage, and have 23/26 hp.
Unknown command.
You feel sick.
The kobold throws a stone.
The stone misses you.
The goblin unwields an uncursed dagger.
The goblin wields a hunting sling.
The goblin shoots a stone.
The stone hits you.
You see here a stone.
You take 5 damage, and have 18/26 hp.
You feel sick.
The kobold throws a stone.
The stone closely misses you.
The goblin shoots a stone.
The stone misses you.
You take 1 damage, and have 17/26 hp.
You feel sick.
You take 1 damage, and have 16/26 hp.
You feel sick.
You take 1 damage, and have 15/26 hp.
You feel sick.
You feel a bit more experienced.
The goblin shoots a stone.
The stone misses you.
You take 1 damage, and have 14/26 hp.
You feel sick.
You feel sick.
You take 1 damage, and have 13/26 hp.
Your transformation has ended.
Your +0 robe unmelds from your body.
You feel sick.
You take 1 damage, and have 12/26 hp.
You feel sick.
You take 1 damage, and have 11/26 hp.
You feel sick.
You take 1 damage, and have 10/26 hp.
You feel sick.
There is a fountain of clear blue water here.
You take 1 damage, and have 9/26 hp.
You feel sick.
You take 1 damage, and have 8/26 hp.
You feel sick.
You take 1 damage, and have 7/26 hp.
The goblin shoots a stone.
The stone hits you.
* * * LOW HITPOINT WARNING * * *
You see here a stone.
You take 5 damage, and have 2/26 hp.
* * * LOW HITPOINT WARNING * * *
You feel sick.
The goblin shoots a stone.
The stone hits you but does no damage.
You see here a stone.
You take 1 damage, and have 1/26 hp.
The goblin shoots a stone.
The stone hits you but does no damage.
You see here a stone.
The goblin shoots a stone.
The stone closely misses you.
You die... ... █.....████.█████████ ██ .. ██∆█∆██.██.█ ██████

.. █.█....██.█ █..... █▲
█.█<)..██.█ █.████ █
█.███████.█ █.█
███..÷....█.██████████.█ ██
█......██.█............█ █.
█......██(██████████████ █.
█......██.@.((K.....█ █.
█...............██.██ ██.
█████.████......█...█████..
█.█ █.......g.Ψ.......Ψ
█.███.......█...█████..
█...........██.██ ██.
█████........█.█ █.
............(█.█ █.
.............█.█ █.


You could see a goblin and a kobold.

Vanquished Creatures
  2 oozes (D:1)
  A worm (D:2)
  A dart slug (D:1)
  4 leopard geckos
  6 bats
  A giant cockroach (D:1)
  6 goblins (D:1)
  4 hobgoblins (D:1)
  2 jackals (D:1)
  A quokka (D:2)
  A ball python (D:1)
  2 frilled lizards (D:1)
  8 kobolds
  2 rats (D:1)
41 creatures vanquished.

Notes
Turn   | Place    | Note
-------+----------+-------------------------------------------
     0 | D:1      | Goblin1989 the Demonspawn Transmuter began the quest for the Orb.
     0 | D:1      | Reached XP level 1. HP: 15/15 MP: 3/3
    54 | D:1      | Reached skill level 2 in Transmutations
   361 | D:1      | Gained mutation: Your flesh is heat resistant. (rF+) [demonic ancestry]
   361 | D:1      | Reached XP level 2. HP: 20/21 MP: 3/5
   801 | D:1      | Reached skill level 3 in Transmutations
   965 | D:1      | Gained mutation: You have a somewhat thin skeletal structure. (Dex +2, Stealth) [demonic ancestry]
   965 | D:1      | Reached XP level 3. HP: 26/26 MP: 4/6
   970 | D:1      | Learned a level 3 spell: Spider Form
   973 | D:1      | Learned a level 2 spell: Sticks to Snakes
  2844 | D:2      | HP: 1/26 [poisoned by a kobold]
  2847 | D:2      | Succumbed to a kobold's poison

Vault maps used:
D:1:      dpeg_arrival_rooms_c, serial_glass, glass_columns_a, glass_columns_a,
          glass_columns_a, glass_columns_a, glass_columns_a, glass_columns_a,
          glass_columns_b, glass_columns_a, glass_columns_c, glass_columns_a,
          hangedman_decor_push
D:2:      hangedman_feature_mirror, minmay_misc_feat_tower

Skill      XL: |  1  2 |
---------------+-------+-----
Transmutations | 2 3 |  3.8
Fighting       | |  1.0
Dodging        | |  1.7
Unarmed Combat | |  2.6
Spellcasting   | |  2.0

Action                   || total
-------------------------++-------
Melee: Unarmed           ||   150
       Kick              ||     9
       Headbutt          ||     7
 Cast: Beastly Appendage ||    15
       Spider Form       ||     8
 Stab: Sleeping          ||     3
  Eat: Chunk             ||     4
       Ration            ||     1
Armor: Robe              ||    18
       Skin              ||     3
Dodge: Dodged            ||   112

Table legend:
 A = Spawn XP
 B = Non-spawn XP
 C = Spawn XP percentage of total XP
 D = Spawn monster count
 E = Non-spawn monster count
 F = Spawn count percentage of total count
 G = Total turns spent on level
                    A         B        C        D         E        F      G
               +---------+---------+-------+---------+---------+-------+---------
         Total |       0 |      87 |   0.0 |       0 |      41 |   0.0 |  2847
               +---------+---------+-------+---------+---------+-------+---------
           D:1 |       0 |      71 |   0.0 |       0 |      35 |   0.0 |  2178
           D:2 |       0 |      16 |   0.0 |       0 |       6 |   0.0 |   669
               +---------+---------+-------+---------+---------+-------+---------

Vault maps used:
D:1:      dpeg_arrival_rooms_c, serial_glass, glass_columns_a, glass_columns_a,
          glass_columns_a, glass_columns_a, glass_columns_a, glass_columns_a,
          glass_columns_b, glass_columns_a, glass_columns_c, glass_columns_a,
          hangedman_decor_push
D:2:      hangedman_feature_mirror, minmay_misc_feat_tower
